 Dungeon Crawl Stone Soup version 0.25-a0-294-gea9b1ad378 (webtiles) character file.

Game seed: 148829195488471724, levelgen mode: deterministic

142 Lanoc the Chopper (level 5, 0/48 HPs)
             Began as a Gargoyle Gladiator on Dec 19, 2019.
             Slain by a river rat (7 damage)
             ... on level 3 of the Dungeon.
             The game lasted 00:02:25 (1208 turns).

Lanoc the Chopper (Gargoyle Gladiator)              Turns: 1208, Time: 00:02:27

Health: 0/48       AC:  8    Str: 23    XL:     5   Next: 25%
Magic:  5/5        EV: 13    Int:  8    God:
Gold:   44         SH:  0    Dex: 12    Spells: 4/4 levels left

rFire    . . .     SeeInvis .   a - +0 war axe
rCold    . . .     Gourm    .   (no shield)
rNeg     + . .     Faith    .   b - +0 leather armour
rPois    ∞         Spirit   .   c - +0 helmet
rElec    +         Reflect  .   (no cloak)
rCorr    .         Harm     .   (no gloves)
MR       .....                  (no boots)
Stlth    ..........             (no amulet)
HPRegen  0.16/turn              (no ring)
MPRegen  0.09/turn              (no ring)

@: berserking, very quick
A: negative energy resistance 1, electricity resistance, unbreathing,
petrification resistance, rot immunity, AC +4
a: no special abilities


You were on level 3 of the Dungeon.
You were not hungry.

You visited 1 branch of the dungeon, and saw 3 of its levels.

You collected 44 gold pieces.

Inventory:

Hand Weapons
 a - a +0 war axe (weapon)
Missiles
 d - 3 throwing nets (quivered)
Armour
 b - a +0 leather armour (worn)
 c - a +0 helmet (worn)
Wands
 l - a wand of iceblast (4)
Scrolls
 g - a scroll of fog {unknown}
 i - a scroll of remove curse {unknown}
 j - 2 scrolls of blinking
 m - 2 scrolls of enchant armour {unknown}
 n - a scroll of teleportation {unknown}
 p - 2 scrolls of identify {unknown}
Potions
 h - 2 potions of heal wounds {unknown}
 k - 2 potions of resistance {unknown}
 o - a potion of brilliance {unknown}
Comestibles
 f - 5 rations
 q - 6 chunks of flesh


   Skills:
 + Level 3.2 Fighting
 * Level 3.8 Axes
 - Level 1.7 Throwing
 + Level 2.0 Armour
 + Level 3.0 Dodging


You had 4 spell levels left.
You didn't know any spells.
Your spell library was empty.

Dungeon Overview and Level Annotations

Branches:
Dungeon (3/15)

Altars:


Innate Abilities, Weirdness & Mutations

You are resistant to torment.
Your stone body is resilient. (AC +4)
You are immune to poison.
You resist negative energy. (rN+)
You are resistant to electric shocks. (rElec)
You can survive without breathing.
You are immune to petrification.
You are immune to rotting.


Message History

The river rat bites you but does no damage.
The river rat bites you.
* * * LOW HITPOINT WARNING * * *
You closely miss the adder.
The adder is moderately wounded.
You hit the river rat. You slash the river rat!
You kill the river rat!
The adder closely misses you.
The river rat bites you but does no damage.
The adder barely misses you.
Unknown command.
You miss the adder.
The adder is moderately wounded.
You hit the river rat but do no damage. The adder bites you but does no damage.
The river rat barely misses you.
You closely miss the adder.
The adder is moderately wounded.
You barely miss the river rat. The adder bites you but does no damage.
The river rat bites you!
You die...

.....###.###......
...................
.........[.........
#≈≈.................
#≈≈≈................
#≈#..................
#≈≈≈..†S..............
#≈...@..............#
#≈≈≈≈.r...............#
#≈#≈..................#
#≈.................#
#..................#
#..................#
.................(..#
....................#
.................#


You could see an adder and a river rat.

Vanquished Creatures
  Robin (D:2)
  A river rat (D:3)
  3 adders (D:3)
  A worm (D:3)
  5 dart slugs
  3 leopard geckos (D:1)
  3 giant cockroaches
  14 goblins
  8 hobgoblins
  13 jackals
  A quokka (D:2)
  A ball python (D:2)
  7 bats
  3 frilled lizards (D:2)
  4 kobolds
  4 rats
72 creatures vanquished.

Notes
Turn   | Place    | Note
-------+----------+-------------------------------------------
     0 | D:1      | Lanoc the Gargoyle Gladiator began the quest for the Orb.
     0 | D:1      | Reached XP level 1. HP: 12/12 MP: 1/1
    58 | D:1      | Reached XP level 2. HP: 17/18 MP: 2/2
   215 | D:1      | Reached skill level 1 in Armour
   223 | D:1      | Reached XP level 3. HP: 20/22 MP: 3/3
   694 | D:2      | Reached XP level 4. HP: 27/27 MP: 4/4
  1024 | D:2      | Noticed Robin
  1040 | D:2      | Killed Robin
  1187 | D:3      | Reached XP level 5. HP: 22/32 MP: 5/5
  1208 | D:3      | Slain by a river rat

Levels and vault maps discovered:
D:1:      wander_arrival_peaceful_grave, layout_loops_cross
D:2:      layout_basic, uniq_robin
D:3:      layout_basic, okawaru_gym_becter, makhleb_heckhound_becter,
          lightli_sewer_entry_pipes, first_ration, st_stairs_3, minivault_19,
          uniq_jessica

Skill      XL: |  1  2  3  4  5 |
---------------+----------------+-----
Axes           | 3 |  3.8
Armour         | 1 2 |  2.0
Fighting       | 3 |  3.2
Dodging        | 3 |  3.0
Throwing       | |  1.7

Action                   |  1- 3 |  4- 6 || total
-------------------------+-------+-------++-------
Melee: War axe           |    86 |    96 ||   182
  Use: Scroll            |       |     1 ||     1
       Potion            |       |     1 ||     1
 Stab: Sleeping          |     1 |       ||     1
  Eat: Chunk             |       |     1 ||     1
Armor: Leather armour    |    47 |    64 ||   111
Dodge: Dodged            |    80 |   101 ||   181

Table legend:
 A = Non-vault XP
 B = Vault XP
 C = Vault XP percentage of total XP
 D = Non-vault monster count
 E = Vault monster count
 F = Vault count percentage of total count
                 A         B        C        D         E       F
            +---------+---------+-------+---------+---------+-------
      Total |     140 |      64 |  31.4 |      58 |      14 |  19.4
            +---------+---------+-------+---------+---------+-------
        D:1 |      65 |       0 |   0.0 |      31 |       0 |   0.0
        D:2 |      40 |      37 |  48.1 |      23 |      12 |  34.3
        D:3 |      35 |      27 |  43.5 |       4 |       2 |  33.3
            +---------+---------+-------+---------+---------+-------
